 Dungeon Crawl Stone Soup version 0.27.1-34-g3ba077fa99 (webtiles) character file.

Game seed: 2667371136184808329

228 Delamore the Covert (level 6, -2/39 HPs)
             Began as an Octopode Brigand on Feb 8, 2022.
             Succumbed to a kobold brigand's poison
             ... in a sewer.
             The game lasted 00:03:25 (3253 turns).

Delamore the Covert (Octopode Brigand)              Turns: 3253, Time: 00:03:26

Health: -2/39      AC:  1    Str:  9 (11) XL:     6   Next: 2%
Magic:  6/6        EV: 12    Int: 10 (13) God:
Gold:   59         SH:  0    Dex: 14 (15) Spells: 5/5 levels left

rFire    . . .     SeeInvis .   a - +2 dagger
rCold    . . .     Faith    .   (no shield)
rNeg     . . .     Spirit   +   (helmet restricted)
rPois    .         Reflect  .   i - amulet of guardian spirit
rElec    .         Harm     .   (no ring)
rCorr    .         Rampage  .   (no ring)
Will     .....                  (no ring)
Stlth    ++++++....             (no ring)
HPRegen  0.13/turn              (no ring)
MPRegen  0.10/turn              (no ring)
                                (no ring)
                                (no ring)

@: lethally poisoned (-2 -> -18)
A: almost no armour, amphibious, 8 rings, camouflage 1, gelatinous body 1,
nimble swimmer 1, tentacles
a: no special abilities


You were in a sewer.
You visited 1 branch of the dungeon, and saw 4 of its levels.
You also visited: Sewer.

You collected 59 gold pieces.

Inventory:

Hand Weapons
 a - a +2 dagger (weapon)
Missiles
 b - 18 poisoned darts (quivered)
 c - 2 curare-tipped darts
Jewellery
 i - an amulet of guardian spirit (around mantle)
Scrolls
 d - a scroll of enchant armour
 e - a scroll of teleportation
 g - a scroll of vulnerability
 k - a scroll of blinking
 q - a scroll of enchant weapon {unknown}
Potions
 f - a potion of degeneration
 j - 2 potions of attraction {unknown}
 l - a potion of curing {unknown}
 m - 2 potions of berserk rage {unknown}
 o - a potion of haste {unknown}


   Skills:
 - Level 2.0 Fighting
 + Level 3.7 Short Blades
 - Level 2.0 Throwing
 - Level 1.0 Dodging
 * Level 8.7 Stealth


You had 5 spell levels left.
You didn't know any spells.
Your spell library was empty.

Dungeon Overview and Level Annotations

Branches:
Dungeon (4/15)             Temple (0/1) D:4           Sewer (1/1)

Altars:


Innate Abilities, Weirdness & Mutations

You cannot wear most types of armour.
You are amphibious.
You can wear up to eight rings at the same time.
Your skin changes colour to match your surroundings (Stealth+).
Your rubbery body absorbs attacks. (AC +1, EV +1)
You are camouflaged near water. (Stealth+)
You have tentacles for arms and can constrict up to eight enemies at once.


Message History

Throw: 21 darts (poison)
Press: ? - help, Q - select action, (/) - cycle Shift-Dir - straight line, f - kobold brigand
Aim: a kobold brigand, wielding a +0 short sword and quivering poisoned darts (lightly wounded, 53% to hit)
Your target is gone.
You throw a poisoned dart.
The poisoned dart hits the kobold brigand.
The kobold brigand is poisoned.
The kobold brigand is lightly wounded.
You feel very sick.
The kobold brigand throws a poisoned dart.
The poisoned dart hits you!
You are more poisoned.
You throw a poisoned dart.
The poisoned dart hits the kobold brigand.
The kobold brigand looks even sicker.
The kobold brigand is lightly wounded.
You feel very sick.
The kobold brigand throws a poisoned dart.
The poisoned dart hits you!
You are more poisoned.
The kobold brigand throws a poisoned dart.
The poisoned dart hits you!
You are lethally poisoned!
You throw a poisoned dart.
The poisoned dart completely misses the kobold brigand.
You feel extremely sick.
The kobold brigand throws a poisoned dart.
The poisoned dart hits you!
You are more poisoned.
You feel extremely sick.
* * * LOW HITPOINT WARNING * * *
You feel extremely sick.
* * * LOW HITPOINT WARNING * * *
You feel very sick.
* * * LOW HITPOINT WARNING * * *
You feel very sick.
It was a potion of degeneration.
There was something very wrong with that liquid.
You feel weakened.
You feel dopey.
You feel clumsy.
You die...

≈≈≈≈≈≈≈≈≈≈≈≈≈≈≈≈
≈≈≈≈≈≈≈≈≈≈≈≈≈≈≈≈
#≈≈≈≈≈≈########
#≈≈≈≈≈≈#K(#.!#
#≈≈≈≈≈≈#.(...
#≈≈≈≈≈≈##...##
#≈≈≈≈≈≈#..K..#
#≈≈≈≈≈≈#.....#
##≈≈≈≈≈@###'###
.≈≈≈≈≈≈≈≈≈K..##
.≈≈≈≈≈≈≈≈≈≈...#
..≈≈≈≈≈≈≈≈≈...#
...≈≈≈≈≈≈≈.K..##
...≈≈≈≈≈≈≈≈....#
..#≈≈≈≈≈≈≈≈....#
.##≈≈≈≈≈≈...÷÷÷#
#≈≈≈≈≈≈≈....##


You could see a kobold brigand (poisoned) and a kobold (wandering).

Vanquished Creatures
  Crazy Yiuf (D:3)
  Terence (D:3)
  3 gnolls
  5 adders
  A river rat (Sewer)
  3 dart slugs (D:3)
  5 worms
  5 bats
  5 endoplasms
  6 giant cockroaches
  10 goblins
  A hobgoblin (D:3)
  3 jackals (D:4)
  5 kobolds
  4 quokkas
  4 ball pythons
  6 frilled lizards
  8 rats
76 creatures vanquished.

Notes
Turn   | Place    | Note
-------+----------+-------------------------------------------
     0 | D:1      | Delamore the Octopode Brigand began the quest for the Orb.
     0 | D:1      | Reached XP level 1. HP: 14/14 MP: 1/1
    29 | D:1      | You fall into a shaft and drop 1 floor!
   106 | D:1      | Reached XP level 2. HP: 19/19 MP: 2/2
   260 | D:1      | Reached skill level 6 in Stealth
   609 | D:2      | Reached XP level 3. HP: 23/24 MP: 3/3
  1014 | D:2      | Reached skill level 7 in Stealth
  1014 | D:2      | Reached XP level 4. HP: 22/29 MP: 4/4
  2196 | D:3      | Reached XP level 5. HP: 27/34 MP: 2/5
  2567 | D:3      | Found a runed translucent door.
  2568 | D:3      | Noticed Crazy Yiuf
  2721 | D:3      | Noticed Terence
  2724 | D:3      | Killed Terence
  2725 | D:3      | Reached skill level 8 in Stealth
  2848 | D:3      | Killed Crazy Yiuf
  2940 | D:4      | Found a glowing drain.
  2962 | Sewer    | Entered a sewer
  3013 | Sewer    | Reached XP level 6. HP: 34/39 MP: 4/6
  3253 | Sewer    | Succumbed to a kobold brigand's poison

Illustrated notes

Levels and vault maps discovered:
D:1:      heliophobic_arrival_enchanted_forest, layout_rooms
D:2:      layout_loops_ring, grunt_ministairs_2, minmay_tetromino_t2
D:3:      layout_basic, uniq_terence, uniq_crazy_yiuf_cottage
D:4:      layout_cave_pools, okawaru_gym_becter, minmay_temple_entry_waves,
          gup_sewer_entry_pipe, uniq_grinder, uniq_edmund
Sewer:    sewer_minmay_treatment

Skill      XL: |  1  2  3  4  5 |
---------------+----------------+-----
Stealth        | 6 7 8 |  8.7
Short Blades   | 3 |  3.7
Fighting       | |  2.0
Throwing       | |  2.0
Dodging        | |  1.0

Action                   |  1- 3 |  4- 6 || total
-------------------------+-------+-------++-------
Melee: Dagger            |    51 |   104 ||   155
       Tentacles         |    10 |    19 ||    29
       Constrict         |    11 |    19 ||    30
Throw: Dart              |       |     3 ||     3
  Use: Scroll            |     2 |     6 ||     8
       Potion            |       |     1 ||     1
 Stab: Sleeping          |     7 |    17 ||    24
Armor: Skin              |     3 |     7 ||    10
Dodge: Dodged            |    32 |    40 ||    72
